 Dungeon Crawl Stone Soup version 0.30-a0-614-ge5ea1257c2 (webtiles) character file.

Game seed: 14767126894628326526

196 Kudos the Cutter (level 5, -5/39 HPs)
             Began as a Vampire Gladiator on Jan 9, 2023.
             Was a Believer of Wu Jian.
             Slain by a gnoll sergeant
             ... wielding a +0 trident
              (11 damage)
             ... on level 4 of the Dungeon.
             The game lasted 00:20:29 (2602 turns).

Kudos the Cutter (Vampire Gladiator)                Turns: 2602, Time: 00:20:30

Health: -5/39      AC:  6    Str: 15    XL:     5   Next: 45%
Magic:  5/5        EV: 12    Int: 11    God:    Wu Jian [**....]
Gold:   114        SH:  0    Dex: 15    Spells: 1/4 levels left

rFire   . . .      SeeInvis +    a - +0 rapier
rCold   . . .      Faith    .    f - orb {*Rage}
rNeg    . . .      Spirit   .    j - +0 ring mail
rPois   .          Reflect  .    c - +0 helmet
rElec   .          Harm     .    (no cloak)
rCorr   .          Rampage  .    (no gloves)
Will    .....      Rage     20%  (no boots)
Stlth   +                        (no amulet)
HPRegen 0.46/turn                v - ring of see invisible
MPRegen 0.09/turn                (no ring)

@: on berserk cooldown, healing quickly, slowed, very slow
A: alive, fangs 3, see invisible, vampiric 2
a: Exsanguinate, Renounce Religion, Wall Jump


You were on level 4 of the Dungeon.
You worshipped Wu Jian.
Wu Jian was pleased with you.
You visited 1 branch of the dungeon, and saw 4 of its levels.

You collected 114 gold pieces.

Inventory:

Hand Weapons
 a - a +0 rapier (weapon)
Missiles
 d - 3 throwing nets (quivered)
 e - a javelin
Armour
 c - a +0 helmet (worn)
 f - an orb of wrath (worn)
 j - a +0 ring mail (worn)
Jewellery
 v - a ring of see invisible (left hand)
Wands
 u - a wand of digging (6)
 w - a wand of flame (10)
Scrolls
 l - 2 scrolls of identify {unknown}
 n - a scroll of enchant armour {unknown}
 o - a scroll of enchant weapon {unknown}
 p - a scroll of magic mapping {unknown}
 s - a scroll of torment {unknown}
 t - 4 scrolls of fear {unknown}
Potions
 b - 3 potions of curing {unknown}
 g - a potion of haste {unknown}
 h - 6 potions of magic {unknown}
 i - a potion of mutation {unknown}
 k - 3 potions of resistance {unknown}
 m - 2 potions of heal wounds {unknown}
 q - 2 potions of brilliance {unknown}
 r - a potion of degeneration {unknown}


   Skills:
 + Level 2.7 Fighting
 + Level 5.2 Short Blades
 + Level 1.7 Throwing
 + Level 1.5 Armour
 + Level 3.9 Dodging
 + Level 0.4 Stealth


You had one spell level left.
You knew the following spells:

 Your Spells              Type           Power      Damage    Failure   Level
a - Magic Dart            Conj           0%         1d3       56%         1
b - Necrotise             Necr           0%         1d4       56%         1
c - Summon Small Mammal   Summ           0%         N/A       56%         1

Your spell library contained the following spells:

 Spells                   Type           Power      Damage    Failure   Level
 Apportation              Tloc           0%         N/A       56%         1
 Searing Ray              Conj           0%         2d4       71%         2
 Fulminant Prism          Conj/Hex       0%         3d5       100%        4


Dungeon Overview and Level Annotations

Branches:
Dungeon (4/15)
 Temple: D:4-7

Altars:
Wu Jian

Shops:
D:4 (


Innate Abilities, Weirdness & Mutations

Your natural rate of healing is accelerated.
You have razor-sharp teeth.
You have supernaturally acute eyesight. (SInv)
You are afflicted with vampirism and can become a bat while bloodless.


Message History

The gnoll sergeant hits you with a +0 trident!
You hit the gnoll sergeant but do no damage.
You bite the gnoll sergeant, but do no damage.
The gnoll sergeant closely misses you. The gnoll misses you.
You closely miss the gnoll sergeant. Your bite misses the gnoll sergeant.
You hear the slow hiss of a very distant avalanche of sand.
The gnoll sergeant hits you with a +0 trident.
The gnoll closely misses you.
The gnoll sergeant hits you with a +0 trident.
The gnoll closely misses you.
You are too injured to fight recklessly!
You are too injured to fight recklessly!
You are too injured to fight recklessly!
You are too injured to fight recklessly!
You are too injured to fight recklessly!
You are too injured to fight recklessly!
You are too injured to fight recklessly!
You are too injured to fight recklessly!
You are too injured to fight recklessly!
You are too injured to fight recklessly!
You are too injured to fight recklessly!
You hit the gnoll sergeant.
The gnoll sergeant is moderately wounded.
The gnoll hits you from afar with a +0 spear.
The gnoll sergeant hits you with a +0 trident.
You hit the gnoll sergeant but do no damage.
The gnoll sergeant is moderately wounded.
The gnoll sergeant completely misses you.
The gnoll closely misses you.
You closely miss the gnoll sergeant.
The gnoll sergeant is moderately wounded.
The gnoll misses you.
The gnoll sergeant hits you with a +0 trident.
* * * LOW HITPOINT WARNING * * *
The gnoll sergeant hits you with a +0 trident.
* * * LOW HITPOINT WARNING * * *
The gnoll hits you but does no damage.
The gnoll sergeant attacks as you move away!
The gnoll sergeant hits you with a +0 trident!
You die...

#.## #.# #... ###.#
####### #+ #.... ..# ...
#.#.# #.# ## .... ##.#.#
#.# #. ...). ##..#.###.#
#.
.....g####...#..##.####.
....ggg@........†.......
.....g####...##.##.##.#.
..... #..........##...
..$. #.##########.###
... #.# #.# # #+ #.#
#.### #.# ##... #.# #..<
#.# ##.#


You could see a gnoll sergeant and 4 gnolls.

Vanquished Creatures
  A hound (D:4)
  An iguana (D:3)
  Ijyb (D:4)
  3 adders
  2 worms (D:2)
  4 dart slugs
  4 endoplasms
  A giant cockroach (D:2)
  5 goblins
  4 hobgoblins
  9 jackals
  5 kobolds
  3 quokkas
  9 ball pythons
  10 bats
  5 frilled lizards
  9 rats
76 creatures vanquished.

Notes
Turn   | Place    | Note
-------+----------+-------------------------------------------
     0 | D:1      | Kudos the Vampire Gladiator began the quest for the Orb.
     0 | D:1      | Reached XP level 1. HP: 16/16 MP: 1/1
   282 | D:1      | Reached XP level 2. HP: 19/22 MP: 2/2
  1036 | D:2      | Gained mutation: You are afflicted with vampirism and can
                  | become a bat while bloodless. [Vampire growth]
  1036 | D:2      | Reached XP level 3. HP: 27/27 MP: 3/3
  1044 | D:2      | Reached skill level 4 in Short Blades
  1278 | D:2      | Found a faded altar of an unknown god.
  1298 | D:2      | Prayed at the altar of an unknown god.
  1298 | D:2      | Became a worshipper of the Wu Jian Council
  1298 | D:2      | Reached * piety under Wu Jian
  1343 | D:2      | Reached XP level 4. HP: 34/34 MP: 4/4
  1784 | D:3      | Learned a level 1 spell: Magic Dart
  2011 | D:3      | Reached skill level 1 in Armour
  2011 | D:3      | Reached ** piety under Wu Jian
  2362 | D:3      | Learned a level 1 spell: Necrotise
  2364 | D:3      | Learned a level 1 spell: Summon Small Mammal
  2416 | D:4      | Found Yfuzis's Weapon Emporium.
  2481 | D:4      | Noticed Ijyb
  2505 | D:4      | Killed Ijyb
  2506 | D:4      | Reached skill level 5 in Short Blades
  2506 | D:4      | Reached XP level 5. HP: 39/39 MP: 5/5
  2602 | D:4      | Slain by a gnoll sergeant

Illustrated notes

Levels and vault maps discovered:
D:1:      dpeg_arrival_simpleton_a, layout_loops_corners
D:2:      layout_basic, ebering_ecumenical_altar_mist,
          kennysheep_generic_room_16
D:3:      layout_loops_ring, minmay_vboxes
D:4:      layout_loops_corners, serial_shops, shop,
          lightli_ossuary_entry_decrepit_ruins, uniq_ijyb, uniq_eustachio

Skill      XL: |  1  2  3  4 |
---------------+-------------+-----
Fighting       | 2 |  2.7
Short Blades   | 4 5 |  5.2
Armour         | 1 |  1.5
Throwing       | |  1.7
Dodging        | |  3.9
Stealth        | |  0.4

Action                   |  1- 3 |  4- 6 || total
-------------------------+-------+-------++-------
Melee: Rapier            |   128 |   115 ||   243
       Bite              |     8 |     7 ||    15
Invok: Lunge             |     3 |    11 ||    14
Armor: Leather armour    |     9 |       ||     9
       Ring mail         |    40 |    27 ||    67
Dodge: Dodged            |    96 |    59 ||   155

Table legend: (Time is in decaauts)
 A = Elapsed time spent in this place.
 B = Non-inter-level travel time spent in this place.
 C = Inter-level travel time spent in this place.
 D = Time resting spent in this place.
 E = Time spent auto-exploring this place.
 F = Levels seen in this place.
 G = Mean time per level.
                   A        B        C        D        E       F      G
               +--------+--------+--------+--------+--------+-----+--------+
         Total |   2806 |   2806 |      0 |    100 |   1832 |   4 |  701.5 |
       Dungeon |   2806 |   2806 |      0 |    100 |   1832 |   4 |  701.5 |
               +--------+--------+--------+--------+--------+-----+--------+

Top non-repeatable levels by time:
     D:1: 1104 daAuts
     D:3: 766 daAuts
     D:2: 729 daAuts
     D:4: 206 daAuts
